[ AOE2 MATCH · #478209990 ]
UnrankedSpanish vs Huns
[ REPLAY ANALYSIS · EXTRACTED FROM THE RECORDED GAME ]
Feudal
—
Castle
8:29
Imperial
—
| APM avg | 25.7 |
| APM peak | 47 |
| eAPM avg | 15.4 |
| Villagers / military | 22 / 15 |
Focus
⚔️ 22.5% · 🌾 77.5%
Skirmisher ×7 · Scout Cavalry ×4 · Knight ×3 · Monk ×1
Feudal
—
Castle
10:16
Imperial
—
| APM avg | 34.1 |
| APM peak | 50 |
| eAPM avg | 22.9 |
| Villagers / military | 25 / 49 |
Focus
⚔️ 42.1% · 🌾 57.9%
Knight ×31 · Scout Cavalry ×11 · Spearman ×7
Feudal
—
Castle
—
Imperial
—
| APM avg | 25.1 |
| APM peak | 60 |
| eAPM avg | 19.6 |
| Villagers / military | 25 / 48 |
Focus
⚔️ 32.4% · 🌾 67.6%
Spearman ×27 · Scout Cavalry ×21
Feudal
—
Castle
10:28
Imperial
—
| APM avg | 37.1 |
| APM peak | 84 |
| eAPM avg | 14.5 |
| Villagers / military | 28 / 5 |
Focus
⚔️ 40.4% · 🌾 59.6%
Unknown (2550) ×28 · Battering Ram ×3 · Bolas Rider ×2
Feudal
—
Castle
9:09
Imperial
—
| APM avg | 76.2 |
| APM peak | 96 |
| eAPM avg | 30.6 |
| Villagers / military | 32 / 32 |
Focus
⚔️ 50.8% · 🌾 49.2%
Archer ×28 · Battering Ram ×3 · Spearman ×1
Feudal
—
Castle
5:37
Imperial
—
| APM avg | 20.5 |
| APM peak | 45 |
| eAPM avg | 11.6 |
| Villagers / military | 13 / 8 |
Focus
⚔️ 29.1% · 🌾 70.9%
Cavalry Archer ×8
Match map
Initial resources + every placement click. Lines = walls · curves = elevation contours. ◆ gold · ⬟ stone · ● berries · ✦ relic · ◌ wall gap
Your base· Open — 1t gap
PeneTratoR_'s base· ✓ Closed at 10:16 · 53t walls · 1 gate(s)
OneMore132688's base· ✓ Closed at 11:34 · 7t walls · 1 gate(s)
RoscoeBrown's base· ✓ Closed at 10:28 · 0t walls · 2 gate(s)
unfold's base· Open — 2t gap
坐龙椅穿龙袍's base· Open — 3t gap
Smoothed initial terrain · ◌ = detected wall gap · hover for details
Inputs per minute
— Musze312 - - PeneTratoR_
Build order — Musze312
88 actions detected in the replay
| 0:19 | Research | Wheelbarrow |
| 0:54 | Build | Gate |
| 1:14 | Build | Gate |
| 1:19 | Build | Stable |
| 1:21 | Build | Stable |
| 1:24 | Create | Villager (Male) |
| 1:25 | Create | Villager (Male) |
| 1:25 | Create | Villager (Male) |
| 1:33 | Build | House |
| 1:35 | Build | House |
| 1:36 | Build | House |
| 2:05 | Create | Villager (Male) |
| 2:06 | Create | Villager (Male) |
| 2:06 | Create | Villager (Male) |
| 3:01 | Research | Double-Bit Axe |
| 3:14 | Create | Villager (Male) |
| 3:54 | Build | House |
| 3:56 | Build | House |
| 3:59 | Build | House |
| 4:00 | Build | House |
| 4:01 | Build | House |
| 4:02 | Build | House |
| 4:03 | Build | House |
| 4:05 | Build | House |
| 4:10 | Build | Farm |
| 4:28 | Create | Villager (Male) |
| 4:31 | Build | Farm |
| 4:57 | Build | Farm |
| 5:21 | Research | Horse Collar |
| 5:36 | Build | Farm |
| 5:36 | Build | Farm |
| 5:36 | Build | Farm |
| 5:36 | Build | Farm |
| 5:37 | Build | Farm |
| 5:37 | Build | Farm |
| 5:37 | Build | Farm |
| 5:49 | Research | Castle Age |
| 5:49 | Research | Castle Age |
| 6:35 | Build | Mining Camp |
| 7:09 | Research | Bloodlines |
| 7:33 | Research | Scale Barding Armor |
| 7:44 | Create | Scout Cavalry |
| 7:44 | Create | Scout Cavalry |
| 7:46 | Create | Scout Cavalry |
| 7:46 | Create | Scout Cavalry |
| 8:29 | Age | Castle Age |
| 8:38 | Build | Archery Range |
| 8:49 | Research | Husbandry |
| 9:07 | Create | Skirmisher |
| 9:08 | Create | Skirmisher |
| 9:08 | Create | Skirmisher |
| 9:08 | Create | Skirmisher |
| 9:15 | Build | Farm |
| 9:15 | Build | Farm |
| 9:15 | Build | Farm |
| 9:15 | Build | Farm |
| 9:16 | Build | Farm |
| 9:28 | Research | Fletching |
| 9:36 | Create | Villager (Male) |
| 10:04 | Build | Town Center |
| 10:18 | Build | Farm |
| 10:24 | Research | Elite Skirmisher (upgrade) |
| 10:27 | Research | Chain Barding Armor |
| 11:02 | Create | Villager (Male) |
| 11:02 | Create | Villager (Male) |
| 11:02 | Create | Villager (Male) |
| 11:09 | Create | Villager (Male) |
| 11:10 | Create | Villager (Male) |
| 11:10 | Create | Villager (Male) |
| 11:10 | Create | Villager (Male) |
| 11:32 | Build | Town Center |
| 11:41 | Build | Monastery |
| 11:53 | Research | Hand Cart |
| 12:16 | Create | Skirmisher |
| 12:16 | Create | Skirmisher |
| 12:16 | Create | Skirmisher |
| 12:44 | Create | Knight |
| 12:44 | Create | Knight |
| 12:44 | Create | Knight |
| 12:51 | Research | Light Cavalry (upgrade) |
| 12:54 | Create | Monk |
| 13:19 | Research | Forging |
| 13:54 | Create | Villager (Male) |
| 13:54 | Create | Villager (Male) |
| 13:54 | Create | Villager (Male) |
| 13:55 | Create | Villager (Male) |
| 13:55 | Create | Villager (Male) |
| 13:55 | Create | Villager (Male) |
Build order — PeneTratoR_
First 150 of 152 actions detected
| 0:04 | Create | Villager (Male) |
| 0:04 | Create | Villager (Male) |
| 0:11 | Create | Villager (Male) |
| 0:12 | Create | Villager (Male) |
| 0:12 | Create | Villager (Male) |
| 0:28 | Build | Stable |
| 0:32 | Build | Palisade Wall |
| 1:06 | Create | Villager (Male) |
| 1:10 | Create | Scout Cavalry |
| 1:11 | Create | Scout Cavalry |
| 1:13 | Build | Stable |
| 1:27 | Create | Scout Cavalry |
| 1:30 | Create | Spearman |
| 1:31 | Create | Spearman |
| 1:31 | Create | Spearman |
| 1:31 | Create | Spearman |
| 1:31 | Create | Spearman |
| 1:37 | Create | Spearman |
| 1:37 | Create | Spearman |
| 1:47 | Build | Farm |
| 1:57 | Build | Palisade Gate |
| 1:59 | Build | Palisade Wall |
| 2:00 | Build | Palisade Wall |
| 2:02 | Build | Palisade Wall |
| 2:08 | Create | Villager (Male) |
| 2:18 | Research | Double-Bit Axe |
| 2:18 | Research | Double-Bit Axe |
| 2:36 | Create | Scout Cavalry |
| 2:37 | Create | Scout Cavalry |
| 2:42 | Build | Farm |
| 2:49 | Create | Villager (Male) |
| 2:52 | Build | Farm |
| 2:57 | Create | Scout Cavalry |
| 2:57 | Create | Scout Cavalry |
| 3:06 | Build | Farm |
| 3:22 | Create | Scout Cavalry |
| 3:22 | Create | Scout Cavalry |
| 3:22 | Create | Scout Cavalry |
| 3:22 | Create | Scout Cavalry |
| 3:40 | Create | Villager (Male) |
| 3:40 | Create | Villager (Male) |
| 3:45 | Build | Palisade Wall |
| 3:46 | Build | Palisade Wall |
| 3:46 | Build | Palisade Wall |
| 3:48 | Build | Palisade Wall |
| 4:02 | Research | Horse Collar |
| 4:02 | Research | Horse Collar |
| 4:10 | Build | Farm |
| 4:37 | Create | Villager (Male) |
| 4:38 | Create | Villager (Male) |
| 4:38 | Create | Villager (Male) |
| 4:41 | Build | Farm |
| 4:41 | Build | Farm |
| 4:41 | Build | Farm |
| 4:41 | Build | Farm |
| 4:42 | Build | Farm |
| 4:42 | Build | Farm |
| 4:42 | Build | Farm |
| 4:42 | Build | Farm |
| 4:42 | Build | Farm |
| 4:43 | Build | Farm |
| 4:45 | Create | Villager (Male) |
| 4:45 | Create | Villager (Male) |
| 5:00 | Research | Forging |
| 5:00 | Research | Forging |
| 5:07 | Build | Farm |
| 5:08 | Build | Farm |
| 5:18 | Build | Farm |
| 5:59 | Build | Palisade Wall |
| 6:01 | Build | Palisade Wall |
| 6:02 | Build | Palisade Wall |
| 6:15 | Build | Farm |
| 6:16 | Build | Farm |
| 6:16 | Build | Farm |
| 6:16 | Build | Farm |
| 6:17 | Build | Farm |
| 6:17 | Build | Farm |
| 6:17 | Build | Farm |
| 6:17 | Build | Farm |
| 6:26 | Create | Villager (Male) |
| 6:48 | Build | Palisade Wall |
| 6:50 | Build | Palisade Wall |
| 6:52 | Build | Palisade Wall |
| 7:36 | Research | Castle Age |
| 7:36 | Research | Castle Age |
| 7:58 | Build | Stable |
| 7:59 | Build | Stable |
| 8:09 | Build | Palisade Gate |
| 8:18 | Build | Mining Camp |
| 8:35 | Build | Palisade Wall |
| 8:44 | Build | Farm |
| 8:46 | Build | Farm |
| 8:49 | Build | Farm |
| 9:10 | Research | Bloodlines |
| 9:10 | Research | Bloodlines |
| 9:10 | Research | Bloodlines |
| 9:15 | Build | Mill |
| 9:25 | Research | Scale Barding Armor |
| 9:25 | Research | Scale Barding Armor |
| 9:51 | Build | Farm |
| 9:57 | Build | Farm |
| 10:05 | Build | Farm |
| 10:13 | Create | Villager (Male) |
| 10:16 | Age | Castle Age |
| 10:23 | Create | Knight ×5 |
| 10:23 | Create | Knight ×5 |
| 10:32 | Create | Knight |
| 10:35 | Create | Knight |
| 10:35 | Create | Knight |
| 10:36 | Create | Knight |
| 10:43 | Create | Villager (Male) |
| 10:44 | Create | Villager (Male) |
| 10:57 | Build | Palisade Gate |
| 10:58 | Build | Palisade Wall |
| 11:01 | Create | Knight |
| 11:01 | Create | Knight |
| 11:02 | Create | Knight |
| 11:02 | Create | Knight |
| 11:02 | Create | Knight |
| 11:03 | Create | Knight |
| 11:03 | Create | Knight |
| 11:03 | Create | Knight |
| 11:06 | Create | Knight |
| 11:07 | Create | Knight |
| 11:24 | Create | Villager (Male) |
| 11:24 | Create | Villager (Male) |
| 11:46 | Build | Town Center |
| 12:09 | Research | Chain Barding Armor |
| 12:09 | Research | Chain Barding Armor |
| 12:18 | Create | Knight |
| 12:18 | Create | Knight |
| 12:18 | Create | Knight |
| 12:19 | Create | Knight |
| 12:19 | Create | Knight |
| 12:38 | Create | Knight |
| 12:39 | Create | Knight |
| 12:47 | Build | Palisade Wall |
| 12:48 | Build | Palisade Wall |
| 12:49 | Build | Palisade Wall |
| 12:50 | Build | Palisade Wall |
| 13:14 | Research | Bow Saw |
| 13:14 | Research | Bow Saw |
| 13:20 | Build | Farm |
| 13:20 | Build | Farm |
| 13:20 | Build | Farm |
| 13:21 | Build | Farm |
| 13:21 | Build | Farm |
| 13:21 | Build | Farm |
| 13:32 | Create | Villager (Male) |
| 13:32 | Create | Villager (Male) |
Build order — OneMore132688
74 actions detected in the replay
| 0:07 | Create | Villager (Male) ×4 |
| 0:07 | Create | Villager (Male) ×4 |
| 0:47 | Build | Stable |
| 1:16 | Create | Villager (Male) ×4 |
| 1:25 | Build | House |
| 1:27 | Build | House |
| 1:29 | Build | House |
| 1:56 | Create | Scout Cavalry ×2 |
| 1:57 | Create | Scout Cavalry ×2 |
| 2:30 | Build | Stone Wall |
| 2:35 | Build | Gate |
| 2:38 | Create | Scout Cavalry ×2 |
| 2:38 | Create | Scout Cavalry ×2 |
| 3:05 | Research | Scale Barding Armor |
| 3:06 | Research | Scale Barding Armor |
| 3:20 | Build | Watch Tower |
| 3:38 | Create | Spearman ×2 |
| 4:07 | Create | Spearman ×2 |
| 4:07 | Create | Spearman ×3 |
| 4:07 | Create | Spearman |
| 4:51 | Create | Scout Cavalry |
| 4:52 | Create | Scout Cavalry |
| 4:52 | Create | Scout Cavalry |
| 5:20 | Build | Farm |
| 5:20 | Build | Farm |
| 5:20 | Build | Farm |
| 5:21 | Build | Farm |
| 5:21 | Build | Farm |
| 5:22 | Build | Farm |
| 5:22 | Build | Farm |
| 5:22 | Build | Farm |
| 5:22 | Build | Farm |
| 5:23 | Build | Farm |
| 5:23 | Build | Farm |
| 5:23 | Build | Farm |
| 5:24 | Build | Farm |
| 5:25 | Build | Farm |
| 5:26 | Build | Farm |
| 5:26 | Build | Farm |
| 6:02 | Create | Scout Cavalry |
| 6:03 | Create | Scout Cavalry |
| 7:00 | Create | Scout Cavalry ×2 |
| 7:18 | Build | Mining Camp |
| 8:00 | Create | Scout Cavalry ×3 |
| 8:00 | Create | Scout Cavalry ×3 |
| 8:14 | Build | Mining Camp |
| 8:19 | Create | Villager (Male) ×2 |
| 8:23 | Create | Villager (Male) |
| 8:23 | Create | Villager (Male) |
| 8:29 | Create | Spearman |
| 8:58 | Create | Spearman ×3 |
| 8:58 | Create | Spearman ×3 |
| 9:30 | Research | Horse Collar |
| 9:34 | Create | Villager (Male) |
| 9:34 | Create | Villager (Male) |
| 9:34 | Create | Villager (Male) |
| 9:55 | Build | Market |
| 10:11 | Create | Villager (Male) ×3 |
| 10:12 | Create | Villager (Male) ×3 |
| 11:34 | Research | Castle Age |
| 12:08 | Create | Spearman ×5 |
| 12:09 | Create | Spearman |
| 12:09 | Create | Spearman ×2 |
| 12:15 | Build | House |
| 12:16 | Build | House |
| 12:16 | Build | House |
| 12:16 | Build | House |
| 12:17 | Build | House |
| 12:17 | Build | House |
| 12:17 | Build | House |
| 12:18 | Build | House |
| 13:00 | Research | Forging |
| 13:07 | Create | Spearman ×4 |
| 13:24 | Research | Double-Bit Axe |
Build order — RoscoeBrown
100 actions detected in the replay
| 0:01 | Create | Villager (Male) |
| 0:01 | Create | Villager (Male) |
| 0:02 | Create | Villager (Male) |
| 0:02 | Create | Villager (Male) |
| 0:20 | Build | Barracks |
| 0:21 | Build | House |
| 0:47 | Create | Villager (Male) |
| 0:54 | Create | Unit 2550 |
| 1:10 | Build | House |
| 1:11 | Research | Tech 1402 |
| 1:14 | Create | Villager (Male) |
| 1:21 | Build | Palisade Gate |
| 1:27 | Create | Unit 2550 |
| 1:45 | Create | Unit 2550 |
| 1:47 | Build | Farm |
| 1:49 | Build | Farm |
| 1:53 | Build | Farm |
| 1:54 | Build | Farm |
| 2:01 | Create | Unit 2550 |
| 2:02 | Create | Unit 2550 |
| 2:19 | Create | Villager (Male) |
| 2:26 | Create | Unit 2550 |
| 2:27 | Create | Unit 2550 |
| 2:39 | Build | Farm |
| 2:45 | Create | Unit 2550 |
| 2:48 | Create | Villager (Male) |
| 2:57 | Create | Villager (Male) |
| 3:10 | Create | Villager (Male) |
| 3:18 | Build | Farm |
| 3:23 | Build | Farm |
| 3:26 | Build | House |
| 3:31 | Create | Villager (Male) |
| 3:33 | Create | Villager (Male) |
| 3:46 | Build | Palisade Gate |
| 3:49 | Build | House |
| 3:50 | Create | Villager (Male) |
| 3:51 | Create | Villager (Male) |
| 4:01 | Build | Market |
| 4:05 | Create | Villager (Male) |
| 4:16 | Research | Double-Bit Axe |
| 4:22 | Create | Villager (Male) |
| 4:56 | Create | Villager (Male) |
| 4:56 | Create | Villager (Male) |
| 5:51 | Create | Villager (Male) |
| 5:51 | Create | Villager (Male) |
| 6:04 | Build | Farm |
| 6:05 | Build | Farm |
| 6:05 | Build | Farm |
| 6:05 | Build | Farm |
| 6:06 | Build | Farm |
| 6:17 | Create | Villager (Male) |
| 6:27 | Research | Forging |
| 6:29 | Research | Scale Mail Armor |
| 7:39 | Research | Castle Age |
| 7:45 | Build | Barracks |
| 7:47 | Create | Unit 2550 |
| 7:48 | Create | Unit 2550 |
| 7:48 | Create | Unit 2550 |
| 7:57 | Research | Arson |
| 8:18 | Create | Unit 2550 |
| 8:18 | Create | Unit 2550 |
| 8:35 | Create | Unit 2550 |
| 8:35 | Create | Unit 2550 |
| 9:14 | Create | Unit 2550 |
| 9:14 | Create | Unit 2550 |
| 9:15 | Create | Unit 2550 |
| 9:32 | Build | Archery Range |
| 9:33 | Build | Archery Range |
| 9:37 | Build | House |
| 9:43 | Build | House |
| 10:28 | Age | Castle Age |
| 10:32 | Research | Tech 1351 |
| 10:38 | Research | Iron Casting |
| 10:39 | Research | Chain Mail Armor |
| 10:45 | Build | Siege Workshop |
| 10:50 | Build | Settlement |
| 10:57 | Create | Unit 2550 |
| 10:57 | Create | Unit 2550 |
| 10:58 | Create | Unit 2550 |
| 11:20 | Create | Bolas Rider |
| 11:20 | Create | Bolas Rider |
| 11:35 | Create | Villager (Male) |
| 11:35 | Create | Villager (Male) |
| 11:48 | Create | Villager (Male) |
| 11:52 | Build | Town Center |
| 12:05 | Create | Villager (Male) |
| 12:05 | Create | Villager (Male) |
| 12:27 | Build | House |
| 12:39 | Create | Unit 2550 |
| 12:39 | Create | Unit 2550 |
| 12:40 | Create | Unit 2550 |
| 12:45 | Create | Villager (Male) |
| 12:45 | Create | Villager (Male) |
| 12:57 | Create | Battering Ram |
| 13:11 | Create | Battering Ram |
| 13:37 | Create | Unit 2550 |
| 13:37 | Create | Unit 2550 |
| 13:37 | Create | Unit 2550 |
| 13:38 | Create | Unit 2550 |
| 13:41 | Create | Battering Ram |
Build order — unfold
128 actions detected in the replay
| 0:01 | Create | Villager (Male) |
| 0:02 | Create | Villager (Male) |
| 0:02 | Create | Villager (Male) |
| 0:07 | Build | Archery Range |
| 0:12 | Create | Villager (Male) |
| 0:20 | Build | House |
| 0:45 | Create | Villager (Male) |
| 1:01 | Build | House |
| 1:07 | Build | Archery Range |
| 1:07 | Create | Archer |
| 1:20 | Create | Spearman |
| 1:21 | Create | Villager (Male) |
| 1:29 | Create | Archer |
| 1:38 | Create | Villager (Male) |
| 1:48 | Create | Archer |
| 1:49 | Create | Archer |
| 1:49 | Create | Archer |
| 1:57 | Build | Palisade Gate |
| 2:03 | Create | Villager (Male) |
| 2:06 | Create | Archer |
| 2:08 | Research | Fletching |
| 2:08 | Research | Fletching |
| 2:24 | Research | Double-Bit Axe |
| 2:24 | Research | Double-Bit Axe |
| 2:25 | Create | Villager (Male) |
| 2:30 | Build | House |
| 2:31 | Create | Archer |
| 2:49 | Create | Villager (Male) |
| 2:52 | Build | Palisade Wall |
| 3:00 | Create | Villager (Male) |
| 3:03 | Build | Pasture |
| 3:15 | Build | House |
| 3:18 | Create | Archer |
| 3:19 | Create | Archer |
| 3:26 | Create | Villager (Male) |
| 3:42 | Build | Palisade Wall |
| 3:46 | Create | Villager (Male) |
| 3:50 | Build | Pasture |
| 4:02 | Build | House |
| 4:15 | Create | Villager (Male) |
| 4:33 | Create | Villager (Male) |
| 4:35 | Build | House |
| 4:36 | Build | House |
| 4:39 | Create | Archer |
| 4:39 | Create | Archer |
| 4:41 | Create | Villager (Male) |
| 4:43 | Build | Market |
| 5:02 | Build | Pasture |
| 5:43 | Build | House |
| 5:57 | Build | House |
| 5:59 | Create | Archer |
| 6:00 | Create | Archer |
| 6:13 | Build | House |
| 6:27 | Build | Pasture |
| 6:29 | Research | Castle Age |
| 6:29 | Research | Castle Age |
| 6:39 | Create | Archer |
| 6:39 | Create | Archer |
| 6:40 | Create | Archer |
| 6:40 | Create | Archer |
| 6:43 | Build | House |
| 6:53 | Build | Pasture |
| 6:54 | Research | Gold Mining |
| 6:55 | Research | Gold Mining |
| 7:26 | Create | Archer |
| 7:27 | Create | Archer |
| 7:33 | Build | House |
| 7:35 | Build | Palisade Gate |
| 7:39 | Create | Archer |
| 7:39 | Create | Archer |
| 7:39 | Create | Archer |
| 8:05 | Build | House |
| 8:13 | Build | Palisade Wall |
| 8:21 | Build | Palisade Wall |
| 8:37 | Build | Pasture |
| 8:40 | Research | Tech 1014 |
| 8:40 | Research | Tech 1014 |
| 8:40 | Research | Tech 1014 |
| 9:09 | Age | Castle Age |
| 9:12 | Research | Crossbowman (upgrade) |
| 9:13 | Research | Bodkin Arrow |
| 9:13 | Research | Bodkin Arrow |
| 9:14 | Research | Bow Saw |
| 9:14 | Research | Bow Saw |
| 9:14 | Create | Villager (Male) |
| 9:18 | Build | Pasture |
| 9:25 | Build | House |
| 9:36 | Create | Archer |
| 9:36 | Create | Archer |
| 9:46 | Create | Villager (Male) |
| 9:53 | Build | Siege Workshop |
| 10:08 | Create | Villager (Male) |
| 10:09 | Create | Villager (Male) |
| 10:11 | Build | House |
| 10:22 | Create | Villager (Male) |
| 10:23 | Create | Archer |
| 10:23 | Create | Archer |
| 10:28 | Build | Siege Workshop |
| 10:44 | Create | Villager (Male) |
| 10:44 | Create | Villager (Male) |
| 10:44 | Create | Villager (Male) |
| 10:47 | Build | Lumber Camp |
| 10:49 | Build | Pasture |
| 10:56 | Create | Archer |
| 10:56 | Create | Archer |
| 11:12 | Create | Battering Ram |
| 11:12 | Create | Battering Ram |
| 11:14 | Build | House |
| 11:14 | Build | House |
| 11:21 | Create | Villager (Male) |
| 11:24 | Build | Pasture |
| 11:34 | Build | House |
| 11:36 | Build | House |
| 11:37 | Build | Palisade Wall |
| 11:46 | Research | Wheelbarrow |
| 11:54 | Create | Villager (Male) |
| 12:16 | Create | Villager (Male) |
| 12:44 | Create | Battering Ram |
| 12:51 | Create | Villager (Male) |
| 12:51 | Create | Villager (Male) |
| 12:51 | Create | Villager (Male) |
| 12:54 | Build | House |
| 12:56 | Build | Mill |
| 13:50 | Create | Villager (Male) |
| 13:50 | Create | Villager (Male) |
| 14:07 | Build | Lumber Camp |
| 14:10 | Research | Tech 1013 |
| 14:11 | Research | Tech 1013 |
Build order — 坐龙椅穿龙袍
33 actions detected in the replay
| 0:07 | Create | Villager (Male) ×4 |
| 0:07 | Create | Villager (Male) ×4 |
| 0:29 | Build | Archery Range |
| 0:30 | Build | Archery Range |
| 1:37 | Build | Archery Range |
| 2:15 | Build | House |
| 2:16 | Build | House |
| 2:18 | Build | House |
| 2:57 | Research | Castle Age |
| 2:58 | Research | Castle Age |
| 3:24 | Build | Stable |
| 3:45 | Research | Wheelbarrow |
| 4:51 | Research | Fletching |
| 4:51 | Research | Fletching |
| 5:37 | Age | Castle Age |
| 5:39 | Create | Cavalry Archer ×4 |
| 5:39 | Create | Cavalry Archer ×4 |
| 5:51 | Research | Horse Collar |
| 5:57 | Build | Farm |
| 5:58 | Build | Farm |
| 5:59 | Build | Farm |
| 6:00 | Build | Farm |
| 6:01 | Build | Farm |
| 6:55 | Build | Town Center |
| 7:10 | Research | Hand Cart |
| 8:12 | Create | Villager (Male) |
| 8:12 | Create | Villager (Male) |
| 8:51 | Create | Villager (Male) ×3 |
| 9:54 | Research | Bloodlines |
| 9:55 | Research | Husbandry |
| 10:57 | Research | Heavy Plow |
| 10:57 | Research | Heavy Plow |
| 12:03 | Build | Farm |
Match timeline
| 0:07 | unfold · first_building Archery Range |
| 0:20 | RoscoeBrown · first_building Barracks |
| 0:28 | PeneTratoR_ · first_building Stable |
| 0:29 | 坐龙椅穿龙袍 · first_building Archery Range |
| 0:32 | PeneTratoR_ · wall_segment Palisade Wall x10 |
| 0:47 | OneMore132688 · first_building Stable |
| 1:19 | Musze312 · first_building Stable |
| 1:59 | PeneTratoR_ · wall_segment Palisade Wall x5 |
| 2:00 | PeneTratoR_ · wall_segment Palisade Wall x5 |
| 2:02 | PeneTratoR_ · wall_segment Palisade Wall x8 |
| 2:30 | OneMore132688 · wall_segment Stone Wall x7 |
| 2:52 | unfold · wall_segment Palisade Wall x5 |
| 3:24 | 坐龙椅穿龙袍 · first_building Stable |
| 3:42 | unfold · wall_segment Palisade Wall x5 |
| 3:45 | PeneTratoR_ · wall_segment Palisade Wall x2 |
| 3:46 | PeneTratoR_ · wall_segment Palisade Wall x5 |
| 3:46 | PeneTratoR_ · wall_segment Palisade Wall x5 |
| 3:48 | PeneTratoR_ · wall_segment Palisade Wall x4 |
| 5:37 | 坐龙椅穿龙袍 · age_up castle |
| 5:59 | PeneTratoR_ · wall_segment Palisade Wall x1 |
| 6:01 | PeneTratoR_ · wall_segment Palisade Wall x1 |
| 6:02 | PeneTratoR_ · wall_segment Palisade Wall x1 |
| 6:48 | PeneTratoR_ · wall_segment Palisade Wall x1 |
| 6:50 | PeneTratoR_ · wall_segment Palisade Wall x1 |
| 6:52 | PeneTratoR_ · wall_segment Palisade Wall x1 |
| 7:38 | RoscoeBrown · first_market_buy 100 food |
| 8:13 | unfold · wall_segment Palisade Wall x1 |
| 8:21 | unfold · wall_segment Palisade Wall x5 |
| 8:29 | Musze312 · age_up castle |
| 8:35 | PeneTratoR_ · wall_segment Palisade Wall x4 |
| 8:38 | Musze312 · first_building Archery Range |
| 9:09 | unfold · age_up castle |
| 9:32 | RoscoeBrown · first_building Archery Range |
| 9:53 | unfold · first_building Siege Workshop |
| 10:16 | PeneTratoR_ · age_up castle |
| 10:28 | RoscoeBrown · age_up castle |
| 10:45 | RoscoeBrown · first_building Siege Workshop |
| 10:58 | PeneTratoR_ · wall_segment Palisade Wall x1 |
| 11:20 | OneMore132688 · first_market_buy 100 food |
| 11:22 | OneMore132688 · first_market_sell 100 wood |
| 11:37 | unfold · wall_segment Palisade Wall x1 |
| 11:41 | Musze312 · first_building Monastery |
| 12:47 | PeneTratoR_ · wall_segment Palisade Wall x1 |
| 12:48 | PeneTratoR_ · wall_segment Palisade Wall x1 |
| 12:49 | PeneTratoR_ · wall_segment Palisade Wall x1 |
| 12:50 | PeneTratoR_ · wall_segment Palisade Wall x1 |
| 14:00 | 坐龙椅穿龙袍 · resign |
[ AI ANALYSIS · 1 CREDIT ]
What really happened in this match?
Wolo.gg analyzes every decision: build order, eco, micro, common mistakes by bracket. Personalized analysis on WhatsApp or Discord in 30 seconds.
Civ guide
Spanish
Perfil
Jugador #2548369